 Dungeon Crawl Stone Soup version 0.14-a0-1613-gd720e3e (webtiles) character file.

6490 M4edhros the Spear-Bearer (level 10, -6/78 HPs)
             Began as a Red Draconian Chaos Knight on Dec 24, 2013.
             Was a Plaything of Xom.
             Mangled by an orc knight
             ... wielding a +0,+0 orcish war axe
              (14 damage)
             ... in a bailey.
             The game lasted 00:19:02 (8110 turns).

M4edhros the Spear-Bearer (DrCK)                    Turns: 8110, Time: 00:19:02

HP  -6/78        AC 12     Str 15      XL: 10   Next: 51%
MP   9/9         EV 13     Int 15      God: Xom
Gold 642         SH 20     Dex 11      Spells:  0 memorised,  9 levels left

rFire  + . .     SeeInvis .     E - +1,+5 spear (pierce)
rCold  . . .     Clarity  .     (armour unavailable)
rNeg   . . .     Conserve .     d - +0 shield {AC+3}
rPois  .         rCorr    .     (helmet restricted)
rElec  .         rRot     .     (no cloak)
SustAb . .       Spirit   .     p - +0 pair of gloves
rMut   .         Warding  .     q - +0 pair of boots
Saprov . . .     Stasis   .     (no amulet)
                                F - ring of protection from magic
                                r - ring of sustenance

@: very slightly contaminated, hasted, very quick, quite resistant to hostile
enchantments, unstealthy
A: breathe fire, unfitting armour, fire resistance 1, fast metabolism 1, low mp
1, spit poison 1, AC +7
a: Spit Poison, Breathe Fire, Renounce Religion


You were in a bailey.
You worshipped Xom.
You were a beloved toy of Xom.
You were hungry.

You visited 1 branch of the dungeon, and saw 10 of its levels.
You also visited: Bailey.

You collected 642 gold pieces.

Inventory:

Hand weapons
 a - a +0,+0 spear of chaos
 h - a +0,+3 orcish dagger of venom
 s - a +2,+1 spear
 E - a +1,+5 spear of piercing (weapon)
Armour
 d - a +0 shield of protection (worn)
 p - a +0 pair of gloves (worn)
 q - a +0 pair of boots (worn)
 v - a +0 buckler
Magical devices
 j - a wand of digging (16)
 l - a wand of random effects (10)
 w - a wand of hasting (1)
 x - a wand of draining (4)
 z - a wand of digging (16)
 K - a wand of teleportation (2)
Comestibles
 b - 2 meat rations
 c - 6 bread rations
 f - a pear
 o - 6 apples
 J - a choko
Scrolls
 e - 5 scrolls of remove curse
 k - a scroll of recharging
 m - a scroll of curse weapon
 n - a scroll of random uselessness
 t - 2 scrolls of teleportation
Jewellery
 r - a ring of sustenance (left hand)
 F - a ring of protection from magic (right hand)
Potions
 g - a potion of restore abilities
 i - a potion of speed
 u - 2 potions of curing
 C - a potion of confusion
 I - a potion of coagulated blood
Books
 y - a book of Burglary

   Spells                             Type                      Level
   Apportation                        Translocation                1
   Swiftness                          Charms/Air                   2
   Passwall                           Transmutation/Earth          3
   Passage of Golubria                Translocation                4
   Lee's Rapid Deconstruction         Earth                        5
   Darkness                           Hexes                        7
 G - a book of Burglary

   Spells                             Type                      Level
   Apportation                        Translocation                1
   Swiftness                          Charms/Air                   2
   Passwall                           Transmutation/Earth          3
   Passage of Golubria                Translocation                4
   Lee's Rapid Deconstruction         Earth                        5
   Darkness                           Hexes                        7


   Skills:
 + Level 3.9 Fighting
 - Level 12.1 Polearms
 - Level 6.7 Dodging
 * Level 7.5 Shields


You had 9 spell levels left.
You didn't know any spells.

Dungeon Overview and Level Annotations

Branches:
Dungeon (10/16)            Temple (0/1) D:7            Lair (0/8) D:9
    Orc: D:9-12

Altars:
Elyvilon
Trog
Yredelemnul
Zin
the Shining One

Shops:
D:9 }}=(/


Innate Abilities, Weirdness & Mutations

You can breathe blasts of fire.
Your fiery red scales are hard (AC +7).
Your body does not fit into most forms of armour.
Your cold-blooded metabolism reacts poorly to cold.
Your flesh is heat resistant.
You have a fast metabolism.
Your magical capacity is low (-10% MP).
You can spit poison.


Message History

The tomahawk of returning hits you!
* * * LOW HITPOINT WARNING * * *
The weapon returns to the kobold!
Drink which item? (? for menu, Esc to quit)
Okay, then.
Drink which item? (? for menu, Esc to quit)
You feel better.
The kobold throws a tomahawk of returning.
You block the tomahawk of returning.
The weapon returns to the kobold!
Read which item? (? for menu, Esc to quit)
Okay, then.
Evoke which item? (* to show all) (? for menu, Esc to quit)
Zapping:
w - a wand of hasting {zapped: 1}
Press: ? - help, Shift-Dir - straight line, f - you You feel yourself speed up.
You are very lightly contaminated with residual magic.
You have got your breath back.
The orc knight hits you with an orcish war axe!
You die...
Xom titters!

#.∩.# #(.^#
#.∩.#
######(######
#...(≈(≈....#
#'###≈(≈###'#
#...(≈(≈(...#
#'###≈.≈###'#
#...(≈@≈%...#
#'###≈o≈###'#
K(≈o≈..
###≈.≈###
.≈g≈K ##≈g≈##
.≈o≈K #≈g≈#
≈.≈


You could see an orc knight, 2 orc warriors, a gnoll, 2 hobgoblins and 3
kobolds.

Vanquished Creatures
  The ghost of Bastard the Basher, an experienced DsSk of Okawaru (D:9)
  Erolcha (D:9)
  Joseph (D:9)
  Grinder (D:5)
  A hill giant skeleton (D:7)
  A manticore (D:8)
  A yak (D:5)
  A hippogriff (D:8)
  2 sky beasts
  A necrophage (D:8)
  An orc warrior (D:9)
  A black bear (D:8)
  4 ogres
  4 centaurs
  Duvessa (D:8)
  6 giant frogs
  A hippogriff zombie (D:10)
  A hippogriff skeleton (D:9)
  6 killer bees (D:10)
  7 crimson imps
  3 wights (D:10)
  3 jellies
  Dowan (D:8)
  5 hounds
  7 orc priests
  4 orc wizards
  A giant frog skeleton (D:8)
  A scorpion (D:5)
  A gnoll shaman (D:6)
  5 worker ants
  Ijyb (D:6)
  An ogre skeleton (D:7)
  A mummy (D:7)
  A hound zombie (D:3)
  7 adders
  2 big fish zombies (D:8)
  8 gnolls
  2 green rats (D:9)
  A lemure (D:9)
  A white imp (D:9)
  7 worms
  2 ufetubi (D:9)
  3 giant eyeballs
  An ooze (D:1)
  28 orcs
  24 bats
  2 bat skeletons
  3 giant cockroaches
  19 goblins
  11 hobgoblins
  21 kobolds
  2 quokkas
  2 ball pythons (D:2)
  2 giant geckos
  A giant mite zombie (D:5)
  2 giant newts (D:1)
  A kobold skeleton (D:6)
  An orc skeleton (D:7)
  An orc zombie (D:8)
  A quokka skeleton (D:4)
  20 rats
253 creatures vanquished.

Vanquished Creatures (collateral kills)
  A hungry ghost (D:5)
  An ogre skeleton (D:5)
  An adder (D:5)
  A giant eyeball (D:5)
  A bat (D:5)
  A hobgoblin (D:5)
  A goblin (D:5)
7 creatures vanquished.

Vanquished Creatures (others)
  An orc warrior (Bailey)
  An orc wizard (D:7)
  A gnoll (Bailey)
  A goblin (D:10)
  A kobold (Bailey)
5 creatures vanquished.

Grand Total: 265 creatures vanquished

Notes
Turn   | Place    | Note
--------------------------------------------------------------
     0 | D:1      | M4edhros, the Draconian Chaos Knight, began the quest for the Orb.
     0 | D:1      | Reached XP level 1. HP: 19/19 MP: 1/1
   147 | D:1      | XOM: silly message
   230 | D:1      | XOM is BORED!
   230 | D:1      | XOM: noise
   279 | D:1      | Reached XP level 2. HP: 23/26 MP: 2/2
   382 | D:1      | XOM: cast spell 'Metabolic Englaciation'
   465 | D:1      | XOM: harmless Divn miscast
   685 | D:1      | XOM: cast spell 'Stoneskin'
  1037 | D:2      | Reached XP level 3. HP: 29/31 MP: 3/3
  1098 | D:2      | Reached skill level 4 in Polearms
  1193 | D:2      | XOM is BORED!
  1193 | D:2      | XOM: summons 5 hostile shadow creatures
  1251 | D:2      | Reached XP level 4. HP: 26/38 MP: 4/4
  1375 | D:2      | Found a bloodstained altar of Trog.
  1662 | D:3      | XOM: colour smoke trail
  1757 | D:3      | XOM: mild Ice miscast
  1861 | D:2      | XOM: cast spell 'Confusing Touch'
  1871 | D:2      | XOM: mild Tloc miscast
  2125 | D:3      | Reached skill level 5 in Polearms
  2125 | D:3      | Reached XP level 5. HP: 28/45 MP: 5/5
  2505 | D:3      | XOM: mild Summ miscast
  2777 | D:3      | XOM: divination: detect creatures
  3072 | D:4      | XOM: harmless Trmt miscast
  3084 | D:4      | Noticed an ogre
  3088 | D:4      | XOM: mild Chrm miscast
  3091 | D:4      | Killed an ogre
  3091 | D:4      | Reached XP level 6. HP: 51/51 MP: 6/6
  3106 | D:4      | XOM: divination: magic mapping
  3230 | D:4      | Reached skill level 6 in Polearms
  3351 | D:4      | XOM: harmless Pois miscast
  3565 | D:5      | Entered Level 5 of the Dungeon
  3601 | D:5      | Noticed a yak
  3608 | D:5      | XOM: potion effect (berserk)
  3611 | D:5      | Killed a yak
  3615 | D:5      | XOM: harmless Pois miscast
  3616 | D:5      | XOM: divination: detect items
  3630 | D:5      | Your scales start taking on a fiery red colour.
  3630 | D:5      | Gained mutation: Your flesh is heat resistant. [draconian maturity]
  3630 | D:5      | Reached XP level 7. HP: 54/57 MP: 7/7
  3719 | D:5      | Reached skill level 7 in Polearms
  3729 | D:5      | XOM: inner flame monster(s)
  3997 | D:5      | Noticed a hungry ghost
  4000 | D:5      | Paralysed by a giant eyeball for 2 turns
  4012 | D:5      | Killed a hungry ghost
  4190 | D:5      | Noticed Grinder
  4194 | D:5      | Paralysed by Grinder for 2 turns
  4200 | D:5      | XOM: potion effect (berserk)
  4203 | D:5      | Killed Grinder
  4203 | D:5      | Reached skill level 8 in Polearms
  4203 | D:5      | Reached skill level 5 in Dodging
  4203 | D:5      | Reached XP level 8. HP: 63/63 MP: 8/8
  4219 | D:5      | Found a glowing silver altar of Zin.
  4477 | D:5      | XOM: silly message
  4559 | D:6      | XOM: noise
  4612 | D:6      | Reached skill level 9 in Polearms
  4680 | D:6      | Noticed Ijyb
  4693 | D:6      | Killed Ijyb
  5144 | D:7      | Found a staircase to the Ecumenical Temple.
  5397 | D:7      | Reached skill level 10 in Polearms
  5473 | D:7      | Reached XP level 9. HP: 64/70 MP: 9/9
  5476 | D:7      | XOM: swap weapons
  5609 | D:7      | XOM: enchant monster (good)
  5681 | D:7      | Identified a scroll of acquirement
  5781 | D:7      | XOM: cast spell 'Cause Fear'
  5801 | D:7      | Reached skill level 1 in Shields
  5801 | D:7      | XOM: god gift: large silver ring {god gift}
  6094 | D:8      | XOM: enchant monster (good)
  6097 | D:8      | XOM: enchant monster (good)
  6474 | D:8      | XOM: confusion (+ monsters)
  6522 | D:8      | Noticed Dowan
  6523 | D:8      | Noticed Duvessa
  6536 | D:8      | Killed Dowan
  6536 | D:8      | Reached skill level 11 in Polearms
  6541 | D:8      | Killed Duvessa
  6578 | D:8      | XOM: summons 8 friendly demons
  6674 | D:8      | Found a basalt altar of Yredelemnul.
  6743 | D:8      | XOM: medium Necr miscast
  6786 | D:8      | Found a glowing golden altar of the Shining One.
  6786 | D:8      | Found a white marble altar of Elyvilon.
  6829 | D:9      | Found Ziugoh's Weapon Shoppe.
  6836 | D:9      | Found Acraplut's Magical Wand Boutique.
  6920 | D:9      | XOM: blink monster(s)
  6948 | D:9      | Found a staircase to the Lair.
  6952 | D:9      | XOM: harmless Fire miscast
  6954 | D:9      | Noticed Erolcha
  6980 | D:9      | Killed Erolcha
  6980 | D:9      | Reached skill level 5 in Shields
  6980 | D:9      | Reached XP level 10. HP: 64/77 MP: 10/10
  7034 | D:9      | Found Dialliur's Gadget Shop.
  7068 | D:9      | Found Syviteg's Jewellery Boutique.
  7196 | D:9      | Found Reusee Tric's Gadget Emporium.
  7256 | D:9      | Noticed Joseph
  7270 | D:9      | XOM: noise
  7296 | D:9      | Killed Joseph
  7309 | D:9      | Noticed Bastard's ghost (experienced DsSk)
  7319 | D:9      | XOM: stat loss: -1 Dex (10/11)
  7323 | D:9      | XOM: medium Fire miscast
  7329 | D:9      | Killed Bastard's ghost
  7329 | D:9      | Reached skill level 12 in Polearms
  7407 | D:9      | XOM: summons 5 hostile demons
  7674 | D:10     | Entered Level 10 of the Dungeon
  7696 | D:10     | XOM: harmless Necr miscast
  7751 | D:10     | Gained mutation: You can spit poison. [potion of mutation]
  7751 | D:10     | Gained mutation: You have a fast metabolism. [potion of mutation]
  7751 | D:10     | Gained mutation: Your magical capacity is low (-10% MP). [potion of mutation]
  7753 | D:10     | Paralysed by a potion of paralysis for 4 turns
  7883 | D:10     | XOM: harmless Chrm miscast
  7934 | D:10     | Found a flagged portal.
  7947 | D:10     | XOM: medium Pois miscast
  8033 | Bailey   | Entered a bailey
  8059 | Bailey   | XOM: medium Ice miscast
  8093 | Bailey   | XOM: noise
  8096 | Bailey   | Noticed an orc knight
  8105 | Bailey   | XOM: divine lightning
  8108 | Bailey   | HP: 3/78 [kobold/ tomahawk of returning (7)]
  8110 | Bailey   | Mangled by an orc knight

Action                   |  1- 3 |  4- 6 |  7- 9 | 10-12 || total
-------------------------+-------+-------+-------+-------++-------
Melee: Spear             |   107 |   195 |   475 |   193 ||   970
       Dagger            |       |       |    19 |       ||    19
 Abil: Breathe Fire      |       |       |     5 |     4 ||     9
       Spit Poison       |       |       |       |     1 ||     1
Evoke: Wand              |       |     1 |       |     3 ||     4
  Use: Potion            |       |     7 |     4 |    10 ||    21
       Scroll            |       |       |    17 |     2 ||    19
 Stab: Sleeping          |       |     1 |     1 |       ||     2
       Paralysed         |       |       |     3 |       ||     3
